[ AOE2 MATCH · #495774806 ]
UnrankedSicilians vs Persians
Player's team · WIN
Rival team · LOSS
[ REPLAY ANALYSIS · EXTRACTED FROM THE RECORDED GAME ]
Feudal
9:15
Castle
21:17
Imperial
36:07
| APM avg | 55.4 |
| APM peak | 87 |
| eAPM avg | 27.8 |
| Villagers / military | 159 / 130 |
Focus
⚔️ 39.0% · 🌾 61.0%
Knight ×58 · Spearman ×37 · Scout Cavalry ×23 · Monk ×7 · Battering Ram ×3 · Trebuchet (Packed) ×2
Feudal
8:25
Castle
19:03
Imperial
35:59
| APM avg | 41.7 |
| APM peak | 91 |
| eAPM avg | 25.4 |
| Villagers / military | 166 / 100 |
Focus
⚔️ 31.6% · 🌾 68.4%
Scout Cavalry ×40 · Archer ×27 · Knight ×9 · Hand Cannoneer ×6 · Trebuchet (Packed) ×6 · Skirmisher ×4
Match map
Initial resources + every placement click. Lines = walls · curves = elevation contours. ◆ gold · ⬟ stone · ● berries · ✦ relic · ◌ wall gap
Your base· Open — opponent sealed themselves in
Sportfan's base· ✓ Closed at 19:03 · 26t walls · no gate
Smoothed initial terrain · ◌ = detected wall gap · hover for details
Inputs per minute
— SneakySalmon - - Sportfan
Build order — SneakySalmon
First 150 of 466 actions detected
| 0:00 | Create | Villager (Male) |
| 0:00 | Create | Villager (Male) |
| 0:01 | Create | Villager (Male) |
| 0:01 | Create | Villager (Male) |
| 0:02 | Build | House |
| 0:04 | Build | House |
| 1:26 | Create | Villager (Male) |
| 2:01 | Create | Villager (Male) |
| 2:02 | Create | Villager (Male) |
| 2:20 | Build | Lumber Camp |
| 2:21 | Create | Villager (Male) |
| 2:49 | Create | Villager (Male) |
| 2:49 | Create | Villager (Male) |
| 3:11 | Create | Villager (Male) |
| 3:12 | Create | Villager (Male) |
| 3:49 | Build | House |
| 3:52 | Build | House |
| 3:54 | Build | Palisade Wall |
| 4:04 | Create | Villager (Male) |
| 4:26 | Create | Villager (Male) |
| 4:44 | Build | Mill |
| 4:52 | Create | Villager (Male) |
| 5:04 | Create | Villager (Male) |
| 5:45 | Create | Villager (Male) |
| 5:46 | Create | Villager (Male) |
| 5:56 | Create | Villager (Male) |
| 6:05 | Research | Loom |
| 6:24 | Build | Palisade Wall |
| 6:29 | Build | Palisade Wall |
| 6:30 | Build | Palisade Wall |
| 6:31 | Build | Palisade Wall |
| 6:31 | Build | Palisade Wall |
| 6:32 | Build | Palisade Wall |
| 6:32 | Build | Palisade Wall |
| 7:03 | Research | Feudal Age |
| 7:03 | Research | Feudal Age |
| 7:03 | Research | Feudal Age |
| 7:28 | Build | Lumber Camp |
| 8:00 | Build | Donjon |
| 8:06 | Build | Donjon |
| 8:19 | Create | Villager (Male) |
| 8:27 | Build | Palisade Wall |
| 9:15 | Create | Villager (Male) |
| 9:15 | Age | Feudal Age |
| 9:22 | Build | Stable |
| 9:24 | Research | Double-Bit Axe |
| 9:29 | Build | House |
| 9:32 | Create | Spearman |
| 9:38 | Create | Villager (Male) |
| 9:58 | Create | Spearman |
| 10:03 | Create | Scout Cavalry |
| 10:03 | Create | Scout Cavalry |
| 10:05 | Build | Palisade Wall |
| 10:08 | Build | House |
| 10:10 | Build | Palisade Wall |
| 10:21 | Create | Scout Cavalry |
| 10:21 | Create | Villager (Male) |
| 10:26 | Research | Horse Collar |
| 10:42 | Build | House |
| 10:45 | Build | Palisade Wall |
| 10:52 | Create | Villager (Male) |
| 10:53 | Create | Scout Cavalry |
| 10:59 | Build | Farm |
| 11:07 | Build | Palisade Wall |
| 11:15 | Create | Scout Cavalry |
| 11:16 | Create | Villager (Male) |
| 11:19 | Build | Farm |
| 11:42 | Create | Villager (Male) |
| 11:53 | Create | Villager (Male) |
| 11:59 | Build | Farm |
| 11:59 | Build | Farm |
| 11:59 | Build | Farm |
| 11:59 | Build | Farm |
| 11:59 | Build | Farm |
| 12:00 | Build | Farm |
| 12:00 | Build | Farm |
| 12:00 | Build | Farm |
| 12:01 | Create | Villager (Male) |
| 12:16 | Build | Farm |
| 12:19 | Build | Farm |
| 12:20 | Create | Villager (Male) |
| 12:39 | Build | Farm |
| 12:57 | Create | Scout Cavalry |
| 12:58 | Build | Farm |
| 13:05 | Build | Farm |
| 13:22 | Create | Villager (Male) |
| 13:28 | Build | Blacksmith |
| 13:33 | Create | Scout Cavalry |
| 13:44 | Build | Palisade Wall |
| 13:49 | Create | Villager (Male) |
| 13:57 | Build | House |
| 14:06 | Create | Scout Cavalry |
| 14:11 | Build | House |
| 14:21 | Build | Farm |
| 14:22 | Research | Wheelbarrow |
| 14:28 | Build | Farm |
| 14:44 | Build | House |
| 14:45 | Build | House |
| 14:52 | Build | Mining Camp |
| 15:20 | Research | Scale Barding Armor |
| 15:21 | Create | Villager (Male) |
| 15:24 | Build | Farm |
| 15:26 | Build | Farm |
| 15:41 | Research | Bloodlines |
| 15:46 | Build | Farm |
| 16:05 | Create | Villager (Male) |
| 16:05 | Create | Villager (Male) |
| 16:12 | Build | Farm |
| 16:16 | Build | Farm |
| 16:26 | Create | Villager (Male) |
| 16:30 | Build | Palisade Wall |
| 16:33 | Build | Farm |
| 16:36 | Build | Farm |
| 16:46 | Build | Farm |
| 16:51 | Create | Scout Cavalry |
| 17:02 | Create | Villager (Male) |
| 17:46 | Create | Villager (Male) |
| 18:00 | Build | Stable |
| 18:37 | Research | Castle Age |
| 18:37 | Research | Castle Age |
| 19:08 | Create | Scout Cavalry |
| 19:34 | Research | Forging |
| 19:38 | Create | Scout Cavalry |
| 19:38 | Create | Scout Cavalry |
| 19:49 | Create | Scout Cavalry |
| 19:50 | Create | Scout Cavalry |
| 19:58 | Create | Scout Cavalry |
| 19:58 | Create | Scout Cavalry |
| 20:12 | Create | Scout Cavalry |
| 20:38 | Create | Villager (Male) |
| 20:53 | Create | Scout Cavalry |
| 20:55 | Create | Scout Cavalry |
| 21:17 | Age | Castle Age |
| 21:23 | Build | Monastery |
| 21:24 | Research | Light Cavalry (upgrade) |
| 21:26 | Research | Bow Saw |
| 21:44 | Create | Villager (Male) |
| 21:59 | Build | Town Center |
| 22:01 | Create | Knight |
| 22:04 | Research | Husbandry |
| 22:05 | Create | Villager (Male) |
| 22:06 | Create | Monk |
| 22:16 | Create | Scout Cavalry |
| 22:16 | Create | Scout Cavalry |
| 22:20 | Create | Knight |
| 22:21 | Create | Knight |
| 22:24 | Create | Villager (Male) |
| 22:24 | Create | Villager (Male) |
| 22:33 | Research | Heavy Plow |
| 22:36 | Create | Monk |
Build order — Sportfan
First 150 of 440 actions detected
| 0:00 | Create | Villager (Male) |
| 0:01 | Create | Villager (Male) |
| 0:01 | Create | Villager (Male) |
| 0:01 | Create | Villager (Male) |
| 0:02 | Build | House |
| 0:05 | Build | House |
| 0:17 | Create | Villager (Male) |
| 1:25 | Create | Villager (Male) |
| 1:25 | Create | Villager (Male) |
| 1:41 | Build | Lumber Camp |
| 2:01 | Create | Villager (Male) |
| 2:11 | Create | Villager (Male) |
| 2:45 | Create | Villager (Male) |
| 2:45 | Create | Villager (Male) |
| 3:03 | Create | Villager (Male) |
| 3:23 | Create | Villager (Male) |
| 3:47 | Build | House |
| 4:09 | Create | Villager (Male) |
| 4:10 | Create | Villager (Male) |
| 4:10 | Create | Villager (Male) |
| 4:46 | Create | Villager (Male) |
| 4:49 | Create | Villager (Male) |
| 5:06 | Build | Mill |
| 5:21 | Research | Loom |
| 6:18 | Research | Feudal Age |
| 7:00 | Build | Palisade Wall |
| 7:15 | Build | Barracks |
| 7:22 | Build | House |
| 7:40 | Create | Villager (Male) |
| 8:02 | Build | Palisade Wall |
| 8:25 | Age | Feudal Age |
| 8:36 | Create | Villager (Male) |
| 8:43 | Build | Stable |
| 8:58 | Research | Double-Bit Axe |
| 8:58 | Research | Double-Bit Axe |
| 9:02 | Create | Villager (Male) |
| 9:16 | Create | Spearman |
| 9:22 | Build | House |
| 9:29 | Create | Scout Cavalry |
| 9:29 | Create | Scout Cavalry |
| 9:35 | Create | Villager (Male) |
| 9:42 | Research | Horse Collar |
| 9:54 | Create | Villager (Male) |
| 9:56 | Build | Farm |
| 10:13 | Build | Farm |
| 10:18 | Create | Villager (Male) |
| 10:42 | Create | Villager (Male) |
| 10:51 | Build | House |
| 10:59 | Build | Farm |
| 11:01 | Build | Farm |
| 11:06 | Create | Villager (Male) |
| 11:08 | Build | House |
| 11:16 | Create | Villager (Male) |
| 11:42 | Create | Villager (Male) |
| 11:47 | Build | Archery Range |
| 11:52 | Create | Villager (Male) |
| 11:54 | Build | Farm |
| 12:03 | Create | Villager (Male) |
| 12:11 | Build | Mining Camp |
| 12:23 | Build | House |
| 12:27 | Build | House |
| 12:34 | Create | Villager (Male) |
| 12:44 | Build | Farm |
| 12:47 | Create | Villager (Male) |
| 13:01 | Create | Villager (Male) |
| 13:03 | Build | Farm |
| 13:12 | Build | Farm |
| 13:16 | Create | Villager (Male) |
| 13:18 | Create | Archer |
| 13:37 | Build | Lumber Camp |
| 13:43 | Create | Archer |
| 13:43 | Create | Archer |
| 14:09 | Create | Scout Cavalry |
| 14:09 | Create | Scout Cavalry |
| 14:09 | Create | Scout Cavalry |
| 14:12 | Create | Villager (Male) |
| 14:37 | Build | Blacksmith |
| 14:39 | Create | Villager (Male) |
| 14:41 | Build | Farm |
| 15:11 | Create | Villager (Male) |
| 15:21 | Build | Farm |
| 15:29 | Create | Villager (Male) |
| 15:37 | Build | Farm |
| 15:38 | Build | Farm |
| 15:43 | Build | Farm |
| 15:57 | Create | Archer |
| 15:57 | Create | Archer |
| 16:03 | Create | Villager (Male) |
| 16:04 | Build | Farm |
| 16:33 | Build | Farm |
| 16:38 | Research | Castle Age |
| 16:38 | Research | Castle Age |
| 16:41 | Create | Archer |
| 16:48 | Build | House |
| 17:06 | Research | Fletching |
| 17:14 | Build | House |
| 17:15 | Build | House |
| 17:15 | Build | House |
| 17:25 | Create | Scout Cavalry |
| 17:47 | Build | House |
| 17:55 | Create | Scout Cavalry |
| 17:56 | Create | Archer |
| 17:57 | Create | Archer |
| 18:10 | Create | Villager (Male) |
| 18:20 | Create | Archer |
| 18:26 | Research | Scale Barding Armor |
| 18:53 | Create | Scout Cavalry |
| 19:03 | Age | Castle Age |
| 19:11 | Build | Town Center |
| 19:16 | Research | Bow Saw |
| 19:21 | Create | Villager (Male) |
| 19:34 | Research | Light Cavalry (upgrade) |
| 19:44 | Create | Villager (Male) |
| 19:58 | Create | Villager (Male) |
| 20:00 | Build | Farm |
| 20:02 | Build | Farm |
| 20:09 | Build | Town Center |
| 20:16 | Build | Farm |
| 20:21 | Create | Villager (Male) |
| 20:21 | Create | Villager (Male) |
| 20:28 | Create | Archer |
| 20:28 | Create | Archer |
| 20:35 | Create | Scout Cavalry |
| 20:42 | Build | Farm |
| 20:46 | Create | Camel Scout |
| 20:56 | Build | Farm |
| 20:58 | Build | Farm |
| 20:58 | Build | Farm |
| 21:19 | Research | Bodkin Arrow |
| 21:22 | Build | University |
| 21:24 | Create | Villager (Male) |
| 21:24 | Create | Villager (Male) |
| 21:29 | Build | Farm |
| 21:30 | Build | Farm |
| 21:32 | Build | Farm |
| 21:34 | Build | Farm |
| 21:38 | Create | Villager (Male) |
| 21:39 | Create | Villager (Male) |
| 21:52 | Create | Villager (Male) |
| 21:54 | Build | Farm |
| 21:58 | Create | Villager (Male) |
| 21:59 | Create | Villager (Male) |
| 22:09 | Create | Villager (Male) |
| 22:22 | Build | Farm |
| 22:26 | Research | Crossbowman (upgrade) |
| 22:34 | Create | Villager (Male) |
| 22:40 | Research | Ballistics |
| 22:44 | Build | House |
| 22:45 | Build | House |
| 22:47 | Create | Villager (Male) |
Match timeline
| 3:54 | SneakySalmon · wall_segment Palisade Wall x1 |
| 6:24 | SneakySalmon · wall_segment Palisade Wall x2 |
| 6:29 | SneakySalmon · wall_segment Palisade Wall x1 |
| 6:30 | SneakySalmon · wall_segment Palisade Wall x1 |
| 6:31 | SneakySalmon · wall_segment Palisade Wall x1 |
| 6:31 | SneakySalmon · wall_segment Palisade Wall x1 |
| 6:32 | SneakySalmon · wall_segment Palisade Wall x1 |
| 6:32 | SneakySalmon · wall_segment Palisade Wall x1 |
| 7:00 | Sportfan · wall_segment Palisade Wall x10 |
| 7:15 | Sportfan · first_building Barracks |
| 8:00 | SneakySalmon · first_building Donjon |
| 8:02 | Sportfan · wall_segment Palisade Wall x16 |
| 8:25 | Sportfan · age_up feudal |
| 8:27 | SneakySalmon · wall_segment Palisade Wall x1 |
| 8:43 | Sportfan · first_building Stable |
| 9:15 | SneakySalmon · age_up feudal |
| 9:22 | SneakySalmon · first_building Stable |
| 10:05 | SneakySalmon · wall_segment Palisade Wall x1 |
| 10:10 | SneakySalmon · wall_segment Palisade Wall x3 |
| 10:45 | SneakySalmon · wall_segment Palisade Wall x6 |
| 11:07 | SneakySalmon · wall_segment Palisade Wall x3 |
| 11:47 | Sportfan · first_building Archery Range |
| 13:44 | SneakySalmon · wall_segment Palisade Wall x1 |
| 16:30 | SneakySalmon · wall_segment Palisade Wall x1 |
| 19:03 | Sportfan · age_up castle |
| 21:17 | SneakySalmon · age_up castle |
| 21:23 | SneakySalmon · first_building Monastery |
| 24:46 | Sportfan · first_building Monastery |
| 26:21 | Sportfan · wall_segment Palisade Wall x1 |
| 26:25 | Sportfan · first_market_sell 100 wood |
| 26:27 | Sportfan · first_market_buy 100 food |
| 31:22 | Sportfan · wall_segment Stone Wall x13 |
| 31:36 | SneakySalmon · first_building Barracks |
| 31:48 | Sportfan · wall_segment Stone Wall x4 |
| 34:02 | SneakySalmon · first_building Castle |
| 34:57 | SneakySalmon · first_building Siege Workshop |
| 35:00 | Sportfan · first_building Castle |
| 35:59 | Sportfan · age_up imperial |
| 36:07 | SneakySalmon · age_up imperial |
| 36:09 | Sportfan · first_building Siege Workshop |
| 38:28 | SneakySalmon · first_market_buy 100 wood |
| 39:27 | Sportfan · resign |
[ AI ANALYSIS · 1 CREDIT ]
What really happened in this match?
Wolo.gg analyzes every decision: build order, eco, micro, common mistakes by bracket. Personalized analysis on WhatsApp or Discord in 30 seconds.
Civ guide
Sicilians
Perfil
Jugador #1790613